 Dungeon Crawl Stone Soup version 0.24-a0-769-g368c1644f8 (webtiles) character file.

Game seed: 2047176879643053310, levelgen mode: deterministic

92 Erk the Shield-Bearer (level 4, 0/35 HPs)
             Began as a Human Fighter on Oct 6, 2019.
             Slain by a leopard gecko (4 damage)
             ... on level 2 of the Dungeon.
             The game lasted 00:05:53 (940 turns).

Erk the Shield-Bearer (Human Fighter)                Turns: 940, Time: 00:05:53

Health: 0/35       AC:  3    Str: 17    XL:     4   Next: 90%
Magic:  4/4        EV:  9    Int:  8    God:
Gold:   35         SH:  9    Dex: 13    Spells: 3/3 levels left

rFire    . . .     SeeInvis .   a - +0 rapier
rCold    . . .     Gourm    .   c - +0 shield
rNeg     . . .     Faith    .   j - +0 leather armour
rPois    .         Spirit   .   (no helmet)
rElec    .         Reflect  .   (no cloak)
rCorr    .         Harm     .   (no gloves)
MR       .....                  (no boots)
Stlth    ++........             (no amulet)
HPRegen  0.11/turn              (no ring)
MPRegen  0.09/turn              (no ring)

@: no status effects
A: no striking features
a: no special abilities


You were on level 2 of the Dungeon.
You were not hungry.

You visited 1 branch of the dungeon, and saw 2 of its levels.

You collected 35 gold pieces.

Inventory:

Hand Weapons
 a - a +0 rapier (weapon)
Armour
 c - a +0 shield (worn)
 j - a +0 leather armour (worn)
Jewellery
 e - an uncursed ring of poison resistance {unknown}
Comestibles
 b - 4 chunks of flesh
 f - a ration


   Skills:
 + Level 3.4 Fighting
 + Level 2.6 Short Blades
 + Level 1.4 Throwing
 - Level 3.0 Armour
 + Level 1.1 Dodging
 + Level 1.5 Stealth
 + Level 3.4 Shields


You had 3 spell levels left.
You didn't know any spells.
Your spell library was empty.

Dungeon Overview and Level Annotations

Branches:
Dungeon (2/15)

Altars:


Message History

The kobold is moderately wounded.
The kobold hits you but does no damage.
You hit the kobold.
You kill the kobold!
The leopard gecko closely misses you. x2
You see here a +0 club.
You miss the leopard gecko. You block the leopard gecko's attack.
You miss the leopard gecko. The leopard gecko bites you.
* * * LOW HITPOINT WARNING * * *
Your shield prevents you from hitting the leopard gecko.
You block the leopard gecko's attack. The leopard gecko bites you.
* * * LOW HITPOINT WARNING * * *
You miss the leopard gecko. The leopard gecko barely misses you.
You miss the leopard gecko. You block the leopard gecko's attack.
The leopard gecko bites you but does no damage.
You closely miss the leopard gecko. You block the leopard gecko's attack.
You hit the leopard gecko.
The leopard gecko is moderately wounded.
The leopard gecko bites you.
You die...

#.# #....#...#
###...# #.
#....#...# ##.....#
#).......###......#
######....##..###.#
#....#...###.#
..####....#...##..#
..................#
######.###########
.........@l.......
########.##...####
#.# ...# #.# ...#
#.# ...# #.# ...#
#.# #### #.#


You could see a leopard gecko.

Vanquished Creatures
  Jessica (D:2)
  Natasha (D:2)
  2 worms (D:2)
  A dart slug (D:1)
  2 leopard geckos
  5 bats
  8 goblins
  4 hobgoblins
  A ball python (D:1)
  2 frilled lizards (D:1)
  3 kobolds
  2 rats
32 creatures vanquished.

Notes
Turn   | Place    | Note
-------+----------+-------------------------------------------
     0 | D:1      | Erk the Human Fighter began the quest for the Orb.
     0 | D:1      | Reached XP level 1. HP: 18/18 MP: 1/1
   125 | D:1      | Reached XP level 2. HP: 19/24 MP: 2/2
   401 | D:1      | Reached XP level 3. HP: 23/29 MP: 3/3
   449 | D:1      | You fall into a shaft and drop 1 floor!
   554 | D:2      | Noticed Jessica
   563 | D:2      | Killed Jessica
   563 | D:2      | Reached skill level 1 in Throwing
   563 | D:2      | Reached skill level 1 in Stealth
   563 | D:2      | Reached XP level 4. HP: 11/35 MP: 4/4
   877 | D:2      | Noticed Natasha
   883 | D:2      | Reached skill level 1 in Dodging
   886 | D:2      | Killed Natasha
   940 | D:2      | Slain by a leopard gecko

Levels and vault maps discovered:
D:1:      nicolae_arrival_washed_ashore, layout_rooms
D:2:      minmay_recursive_quarters, layout_basic,
          nicolae_overflow_crystal_walls, minmay_pentomino_q2, uniq_natasha,
          uniq_terence, uniq_jessica

Skill      XL: |  1  2  3  4 |
---------------+-------------+-----
Throwing       | 1 |  1.4
Stealth        | 1 |  1.5
Dodging        | 1 |  1.1
Fighting       | |  3.4
Short Blades   | |  2.6
Armour         | |  3.0
Shields        | |  3.4

Action                   |  1- 3 |  4- 6 || total
-------------------------+-------+-------++-------
Melee: Rapier            |    66 |    45 ||   111
  Use: Scroll            |     3 |       ||     3
       Potion            |     2 |     1 ||     3
 Stab: Sleeping          |     1 |       ||     1
Armor: Scale mail        |    23 |       ||    23
       Leather armour    |     5 |    10 ||    15
Dodge: Dodged            |    12 |    15 ||    27
Block: Shield            |    29 |    16 ||    45

Table legend:
 A = Non-vault XP
 B = Vault XP
 C = Vault XP percentage of total XP
 D = Non-vault monster count
 E = Vault monster count
 F = Vault count percentage of total count
                 A         B        C        D         E       F
            +---------+---------+-------+---------+---------+-------
      Total |      36 |      96 |  72.7 |      21 |      11 |  34.4
            +---------+---------+-------+---------+---------+-------
        D:1 |      32 |       0 |   0.0 |      18 |       0 |   0.0
        D:2 |       4 |      96 |  96.0 |       3 |      11 |  78.6
            +---------+---------+-------+---------+---------+-------
